 Dungeon Crawl Stone Soup version 0.26.1-2-gb8aa6d0cf2 (webtiles) character file.

Game seed: 9520870507859155949

4289 Ladykiller69 the Cleaver (level 10, -6/90 HPs)
             Began as a Hill Orc Fighter on Mar 27, 2021.
             Was an Initiate of Wu Jian.
             Mangled by Psyche
             ... wielding a +2 dagger of distortion
              (20 damage)
             ... on level 8 of the Dungeon.
             The game lasted 00:19:48 (7456 turns).

Ladykiller69 the Cleaver (Hill Orc Fighter)         Turns: 7456, Time: 00:19:48

Health: -6/90      AC:  6    Str: 23    XL:     10   Next: 32%
Magic:  10/10      EV:  9    Int:  8    God:    Wu Jian [......]
Gold:   128        SH: 11    Dex: 13    Spells: 9/9 levels left

rFire    . . .     SeeInvis .   y - +2 war axe (vamp)
rCold    . . .     Faith    +   c - +0 kite shield
rNeg     + . .     Spirit   .   l - quicksilver dragon scales
rPois    .         Reflect  .   (no helmet)
rElec    .         Harm     .   p - +0 cloak
rCorr    .         Rampage  .   H - +1 pair of gloves {Dex+3}
Will     +....                  u - +1 pair of boots
Stlth    +.........             D - amulet of faith
HPRegen  0.25/turn              w - ring of positive energy
MPRegen  0.12/turn              I - ring of flight

@: corroded
A: no striking features
a: Renounce Religion, Evoke Flight


You were on level 8 of the Dungeon.
You worshipped Wu Jian.
Wu Jian was noncommittal.
You visited 2 branches of the dungeon, and saw 9 of its levels.

You collected 308 gold pieces.
You spent 180 gold pieces at shops.

Inventory:

Hand Weapons
 a - a +0 war axe
 g - a +4 scimitar of flaming
 x - a +2 falchion of draining
 y - a +2 vampiric war axe (weapon)
Armour
 c - a +0 kite shield (worn)
 l - quicksilver dragon scales (worn)
 p - a +0 cloak (worn)
 u - a +1 pair of boots (worn)
 H - a +1 pair of gloves of dexterity (worn)
Jewellery
 b - an uncursed amulet of guardian spirit
 f - an uncursed amulet of guardian spirit
 s - an uncursed amulet of guardian spirit
 w - a ring of positive energy (left hand)
 C - an uncursed ring of wizardry
 D - an amulet of faith (around neck)
 I - a ring of flight (right hand)
Wands
 t - a wand of random effects (3)
 F - a wand of iceblast (7)
Scrolls
 e - 3 scrolls of magic mapping
 h - 2 scrolls of remove curse
 i - a scroll of enchant armour
 k - a scroll of amnesia {unknown}
 q - 2 scrolls of teleportation
 B - a scroll of fog {unknown}
 E - a scroll of immolation {unknown}
 J - a scroll of fear
 K - a scroll of random uselessness {unknown}
 N - a scroll of blinking {unknown}
 O - a scroll of summoning {unknown}
Potions
 d - 5 potions of might
 j - a potion of mutation
 m - a potion of heal wounds
 n - a potion of brilliance
 o - a potion of haste
 r - a potion of magic
 v - 2 potions of attraction
 z - a potion of flight {unknown}
 G - a potion of lignification {unknown}
 L - a potion of curing
 M - a potion of berserk rage {unknown}


   Skills:
 + Level 8.7 Fighting
 * Level 12.1 Axes
 + Level 8.0 Armour
 + Level 7.9 Shields


You had 9 spell levels left.
You didn't know any spells.
Your spell library contained the following spells:

 Spells                   Type           Power        Failure   Level
 Animate Skeleton         Necr           0%           85%         1
 Apportation              Tloc           0%           85%         1
 Corona                   Hex            0%           85%         1
 Foxfire                  Conj/Fire      0%           85%         1
 Summon Small Mammal      Summ           0%           85%         1
 Poisonous Vapours        Pois/Air       0%           94%         2
 Conjure Flame            Conj/Fire      0%           99%         3
 Inner Flame              Hex/Fire       0%           99%         3
 Mephitic Cloud           Conj/Pois/Air  0%           99%         3
 Sticky Flame             Conj/Fire      0%           100%        4
 Fireball                 Conj/Fire      0%           100%        5
 Freezing Cloud           Conj/Ice/Air   0%           100%        6


Dungeon Overview and Level Annotations

Branches:
Dungeon (8/15)             Temple (1/1) D:7
   Lair: D:8-11

Altars:
Ashenzari
Cheibriados
Dithmenos
Elyvilon
Fedhas
Gozag
Hepliaklqana
Kikubaaqudgha
Nemelex Xobeh
Okawaru
Qazlal
Trog
Uskayaw
Vehumet
Wu Jian
Xom
Yredelemnul
The Shining One

Shops:
D:4 *[(

Annotations:
D:7 3 runed translucent doors, arta456's ghost, novice DgCj; bomjara's ghost, novice OpCj; kalagan's ghost, novice DECj; kthxbai's ghost, novice DrTm
D:8 Psyche


Message History

Space bends around you.
* * * LOW HITPOINT WARNING * * *
Aiming: Random Effects
Press: ? - help, Shift-Dir - straight line, f - Psyche
Aim: Psyche, wielding a +2 dagger of distortion, wearing a +0 robe and carrying a wand of acid (3) (severely wounded)
Okay, then.
You feel much better. Psyche barely misses you.
You barely miss Psyche.
Psyche is severely wounded.
Psyche says, "Once you're dead we can play together!"
Psyche zaps a wand.
The bolt of acid hits you!
* * * LOW HITPOINT WARNING * * *
The acid corrodes you!
You are splashed with acid.
* * * LOW HITPOINT WARNING * * *
You closely miss Psyche.
Psyche is severely wounded.
Psyche says, "Once you're dead we can play together!"
Psyche misses you. Psyche hits you but does no damage.
Space warps horribly around you!!
You die...

.............#
.####..).....##
##.)......##
#..[...†...## ##
###............#
...######.)....###......
.............### ##....
........>..### ###
.......@..## ..<...@..##
........## ##......#
##.....# ##.>.[. ##....
##...


You could see Psyche.

Vanquished Creatures
  Erica (D:8)
  Grinder (D:6)
  Menkaure (D:6)
  Duvessa (D:6)
  A water moccasin (D:8)
  2 ice beasts
  2 black bears
  A phantom (D:4)
  2 sky beasts
  A necrophage (D:7)
  5 ogres
  3 centaurs
  4 bullfrogs
  A big kobold (D:8)
  A wyvern zombie (D:8)
  Dowan (D:6)
  2 scorpions
  2 howler monkeys
  A vampire bat (D:5)
  5 wights (D:7)
  2 jellies
  A bullfrog zombie (D:6)
  3 hounds
  2 orc wizards (D:3)
  2 iguanas
  9 worker ants
  2 hound skeletons
  A worker ant zombie (D:5)
  11 gnolls
  6 adders
  A shadow imp (D:6)
  2 white imps
  2 ufetubi (D:7)
  2 oozes
  An adder skeleton (D:4)
  An adder zombie (D:7)
  5 worms
  4 dart slugs
  4 leopard geckos
  14 orcs
  3 ball pythons
  A bat skeleton (D:5)
  5 bat zombies (D:5)
  4 giant cockroaches
  8 goblins
  5 hobgoblins
  7 jackals
  8 quokkas
  4 bats
  A frilled lizard (D:2)
  8 kobolds
  9 rats
176 creatures vanquished.

Vanquished Creatures (others)
  2 withered plants (D:7)
2 creatures vanquished.

Grand Total: 178 creatures vanquished

Notes
Turn   | Place    | Note
-------+----------+-------------------------------------------
     0 | D:1      | Ladykiller69 the Hill Orc Fighter began the quest for the
                  | Orb.
     0 | D:1      | Reached XP level 1. HP: 19/19 MP: 1/1
   241 | D:1      | Reached skill level 3 in Axes
   502 | D:1      | Reached XP level 2. HP: 27/27 MP: 2/2
   876 | D:2      | Reached XP level 3. HP: 33/33 MP: 3/3
  1158 | D:2      | Reached skill level 4 in Axes
  1304 | D:2      | Reached XP level 4. HP: 40/40 MP: 4/4
  1467 | D:2      | Found a shimmering altar of Xom.
  1894 | D:3      | Reached XP level 5. HP: 46/46 MP: 5/5
  1953 | D:3      | Reached skill level 5 in Axes
  2021 | D:3      | Found an iron altar of Okawaru.
  2023 | D:3      | Found a shadowy altar of Dithmenos.
  2420 | D:3      | Reached XP level 6. HP: 53/53 MP: 6/6
  2730 | D:4      | Found Uggiqis's Weapon Boutique.
  2801 | D:4      | Reached skill level 5 in Fighting
  2801 | D:4      | Reached skill level 6 in Axes
  2979 | D:4      | Noticed a phantom
  3000 | D:4      | Killed a phantom
  3001 | D:4      | Reached XP level 7. HP: 61/61 MP: 7/7
  3024 | D:4      | Found Hugo's Antique Armour Shoppe.
  3033 | D:4      | Found an opulent altar of Gozag.
  3034 | D:4      | Bought a pair of glowing gloves for 180 gold pieces
  3042 | D:4      | Found Gozag's Platinum Reserve.
  3228 | D:4      | Reached skill level 5 in Armour
  3500 | D:5      | Entered Level 5 of the Dungeon
  3544 | D:5      | Reached skill level 7 in Axes
  3544 | D:5      | Reached skill level 5 in Shields
  3641 | D:5      | Reached XP level 8. HP: 70/70 MP: 8/8
  3778 | D:5      | Reached skill level 8 in Axes
  4209 | D:5      | Found an ancient bone altar of Kikubaaqudgha.
  4282 | D:6      | Reached skill level 9 in Axes
  4328 | D:6      | Noticed Menkaure
  4507 | D:6      | Killed Menkaure
  5025 | D:6      | Reached XP level 9. HP: 78/78 MP: 9/9
  5035 | D:6      | Noticed Dowan
  5035 | D:6      | Noticed Duvessa
  5045 | D:6      | Killed Duvessa
  5053 | D:6      | Killed Dowan
  5269 | D:6      | Noticed Grinder
  5303 | D:5      | Reached skill level 10 in Axes
  5356 | D:6      | Paralysed by Grinder for 3 turns
  5365 | D:6      | Killed Grinder
  5414 | D:6      | Found a broken altar of Ashenzari.
  5799 | D:7      | Noticed a two-headed ogre
  5938 | D:7      | Found a staircase to the Ecumenical Temple.
  5954 | Temple   | Entered the Ecumenical Temple
  6262 | D:7      | Reached skill level 11 in Axes
  6373 | D:7      | Found a runed translucent gate.
  6373 | D:7      | Found a runed translucent gate.
  6373 | D:7      | Found a runed translucent gate.
  6373 | D:7      | Noticed arta456's ghost (novice DgCj)
  6373 | D:7      | Noticed kthxbai's ghost (novice DrTm)
  6375 | D:7      | Noticed kalagan's ghost (novice DECj)
  6375 | D:7      | Noticed bomjara's ghost (novice OpCj)
  6432 | D:7      | Found an ornate altar of the Wu Jian Council.
  6449 | D:7      | Became a worshipper of the Wu Jian Council
  7060 | D:8      | Noticed Erica
  7256 | D:8      | Reached XP level 10. HP: 76/88 MP: 10/10
  7383 | D:8      | Killed Erica
  7384 | D:8      | Reached skill level 12 in Axes
  7440 | D:8      | Noticed Psyche
  7456 | D:8      | Mangled by Psyche

Illustrated notes

Levels and vault maps discovered:
D:1:      wander_arrival_estate, layout_basic, serial_forest,
          infiniplex_forest_clump_long, infiniplex_forest_clump_small,
          infiniplex_forest_end_2, infiniplex_forest_straight_2,
          infiniplex_forest_straight_2, infiniplex_forest_clump_medium,
          chequers_garden, chequers_serial_rivers_micro_b, nrook_mini_vaults
D:2:      minmay_kobold_bridge, layout_basic, xom_butterflies
D:3:      layout_basic, nicolae_overflow_hidden_temple, wad_floor_pattern_1
D:4:      layout_cave_pods, nicolae_gozag_zags_fifth_avenue, serial_shops, shop,
          nicolae_shop_temple_entry_statues_fountains, minmay_surrounded
D:5:      layout_basic, kennysheep_vampire_church, minmay_misc_feat_columns,
          minmay_liquid_box
D:6:      layout_basic, nicolae_ashenzari_panopticon, due_unseen_surprise,
          uniq_menkaure, uniq_grinder, uniq_duvessa
D:7:      layout_gridville, old_standard_altar, lemuel_doored_altar,
          minmay_temple_entry_glass, gammafunk_ghost_cemetery
D:8:      layout_layer_cave, nicolae_ru_the_path_less_chosen, basic_altar,
          uniq_maggie, uniq_erica, uniq_psyche
Temple:   minmay_temple_curvy_loop

Skill      XL: |  1  2  3  4  5  6  7  8  9 10 |
---------------+-------------------------------+-----
Axes           | 3 4 5 6 7 9 11 12 | 12.1
Fighting       | 4 5 6 8 |  8.7
Armour         | 4 5 6 7 8 |  8.0
Shields        | 4 5 6 7 |  7.9

Action                   |  1- 3 |  4- 6 |  7- 9 | 10-12 || total
-------------------------+-------+-------+-------+-------++-------
Melee: War axe           |    76 |   153 |   313 |    59 ||   601
Invok: Lunge             |       |       |     4 |     3 ||     7
Evoke: Wand              |       |       |    12 |       ||    12
  Use: Scroll            |       |       |     4 |     8 ||    12
       Potion            |       |       |       |     1 ||     1
Armor: Scale mail        |     3 |       |       |       ||     3
       Quicksilver drago |    21 |    73 |   152 |    19 ||   265
Dodge: Dodged            |    14 |    62 |    93 |    12 ||   181
Block: Kite shield       |    43 |    84 |   165 |    22 ||   314
